 Dungeon Crawl Stone Soup version 0.23-a0-175-g97aacdb306 (webtiles) character file.

73612 Manul the Carver (level 15, -2/81 HPs)
             Began as a Vine Stalker Gladiator on June 12, 2018.
             Was an Initiate of Gozag.
             Slain by a porcupine (4 damage)
             ... on level 2 of the Lair of Beasts on Sept 16, 2018.
             The game lasted 00:39:19 (19419 turns).

Manul the Carver (Vine Stalker Gladiator)          Turns: 19419, Time: 00:39:20

Health: -2/81      AC: 27    Str: 25    XL:     15   Next: 44%
Magic:  0/16       EV: 21    Int: 12    God:    Gozag
Gold:   4175       SH: 13    Dex: 34    Spells: 14/14 levels left

rFire    . . .     SeeInvis .   (no weapon)
rCold    . . .     Gourm    .   U - +1 buckler of Hiomurol {Regen+ Str+2 Dex+2}
rNeg     . . .     Faith    .   I - +10 scale mail "Esucohum" {Dex+2}
rPois    +         Spirit   +   c - +1 helmet
rElec    .         Reflect  +   m - +2 cloak {rPois}
rCorr    .         Harm     .   u - +1 pair of gloves
MR       +....                  E - +0 pair of boots
Stlth    +++++.....             y - +3 amulet of reflection
HPRegen  1.43/turn              T - ring of Kopamero {Str+2 Int+2 Dex+4 Stlth+}
MPRegen  0.15/turn              L - +4 ring of dexterity

@: lethally poisoned (-2 -> -2)
A: fangs 3, agile 1, clever 1, regeneration 2, strong 1, wild magic 1, magic
shield, antimagic bite, no potion heal 3, rot immunity
a: Potion Petition, Call Merchant, Bribe Branch, Renounce Religion


You were on level 2 of the Lair of Beasts.
You worshipped Gozag.
Gozag was most pleased with you.
You were not hungry.

You visited 3 branches of the dungeon, and saw 19 of its levels.
You also visited: Ice Cave.

You collected 6776 gold pieces.
You spent 1811 gold pieces at shops.
You paid 790 gold pieces to Gozag.

Inventory:

Hand Weapons
 J - the +7 falchion of Xearaut {slice, MR++}
   (You found it on level 7 of the Dungeon)

   It inflicts extra damage upon your enemies.
   It affects your resistance to hostile enchantments.
Missiles
 d - 4 throwing nets (quivered)
 w - 11 tomahawks of dispersal
Armour
 c - a +1 helmet (worn)
 j - +0 steam dragon scales
 m - a +2 cloak of poison resistance (worn)
 u - a +1 pair of gloves (worn)
 E - a +0 pair of boots (worn)
 I - the +10 scale mail "Esucohum" (worn) {Dex+2}
   (You bought it in a shop on level 2 of the Orcish Mines)

   It affects your dexterity (+2).
 U - the +1 buckler of Hiomurol (worn) {Regen+ Str+2 Dex+2}
   (You bought it in a shop on level 11 of the Dungeon)

   It affects your strength (+2).
   It affects your dexterity (+2).
   It increases your rate of regeneration.
Jewellery
 y - a +3 amulet of reflection (around neck)
 A - the ring of Xeygroze {rPois Int-4 Dex+7, unknown}
   (You took it off a wight on level 11 of the Dungeon)

   [ring of poison resistance]

   It affects your intelligence (-4).
   It affects your dexterity (+7).
   It protects you from poison.
 B - an uncursed ring of flight
 C - a +5 ring of dexterity
 L - a +4 ring of dexterity (right hand)
 Q - an uncursed ring of see invisible
 T - the ring of Kopamero (left hand) {Str+2 Int+2 Dex+4 Stlth+}
   (You found it on level 11 of the Dungeon)

   [ring of strength]

   It affects your strength (+2).
   It affects your intelligence (+2).
   It affects your dexterity (+4).
   It makes you more stealthy.
Wands
 h - a wand of digging (39)
 r - a wand of disintegration (19)
 G - a wand of random effects (65)
 K - a wand of acid (9)
 O - a wand of iceblast (8)
 P - a wand of polymorph (27)
 X - a wand of paralysis (23)
Scrolls
 a - 3 scrolls of enchant weapon {unknown}
 b - 2 scrolls of amnesia
 i - a scroll of holy word {unknown}
 k - 2 scrolls of enchant armour
 l - a scroll of silence
 p - 2 scrolls of magic mapping
 D - a scroll of blinking
 H - 7 scrolls of remove curse
 M - a scroll of fog {unknown}
 Y - 3 scrolls of identify
Potions
 e - a potion of degeneration {unknown}
 g - 6 potions of flight
 n - a potion of heal wounds
 o - 4 potions of brilliance
 q - 3 potions of agility
 t - 8 potions of curing
 v - a potion of resistance
 x - 4 potions of might
 z - 2 potions of ambrosia
 F - 2 potions of lignification
 V - 2 potions of mutation
Miscellaneous
 s - a box of beasts
 N - a sack of spiders
Comestibles
 f - 22 rations


   Skills:
 + Level 10.6 Fighting
   Level 1.7(10.0) Short Blades
 + Level 14.7(14.8) Long Blades
 - Level 1.8 Throwing
 + Level 7.8 Armour
 + Level 9.6 Dodging
 - Level 9.9 Stealth
 - Level 8.3 Shields
 + Level 0.3 Unarmed Combat
 - Level 0.2 Evocations


You had 14 spell levels left.
You didn't know any spells.
Your spell library contained the following spells:

 Spells                   Type           Power        Failure   Level  Hunger
 Confusing Touch          Hex            #.....       65%         1    ##.....
 Corona                   Hex            #......      65%         1    ##.....
 Flame Tongue             Conj/Fire      #....        65%         1    ##.....
 Shock                    Conj/Air       #...         65%         1    ##.....
 Ensorcelled Hibernation  Hex/Ice        #.....       78%         2    ###....
 Throw Flame              Conj/Fire      #.....       78%         2    ###....
 Confuse                  Hex            #.......     95%         3    ####...
 Conjure Flame            Conj/Fire      #.......     95%         3    ####...
 Dazzling Spray           Conj/Hex       #.....       95%         3    ####...
 Inner Flame              Hex/Fire       #.......     95%         3    ####...
 Tukima's Dance           Hex            #.......     95%         3    ####...
 Fulminant Prism          Conj/Hex       #.........   100%        4    #####..
 Sticky Flame             Conj/Fire      #.......     100%        4    #####..
 Fireball                 Conj/Fire      #.........   100%        5    ######.
 Invisibility             Hex            #.......     100%        6    #######


Dungeon Overview and Level Annotations

Branches:
Dungeon (15/15)            Temple (0/1) D:5            Lair (2/6) D:11
    Orc (2/2) D:9             Elf (0/3) Orc:2        Vaults (0/5) D:13
 Depths (0/5) D:15
  Swamp: Lair:2-4    Shoals: Lair:2-4     Snake: Lair:2-4    Spider: Lair:2-4

Altars:
Ashenzari
Gozag
Makhleb
Qazlal
Uskayaw
Wu Jian
Xom
Beogh

Shops:
D:11 [   D:14 (   Orc:1 [   Orc:2 ??=[


Innate Abilities, Weirdness & Mutations

You have razor-sharp teeth.
You heal very quickly.
When hurt, damage is shared between your health and your magic reserves.
Your bite disrupts and absorbs the magic of your enemies.
Potions cannot restore your health.
You are immune to rotting.
You are agile. (Dex +2)
Your mind is acute. (Int +2)
Your muscles are strong. (Str +2)
Your spells are a little harder to cast, but a little more powerful.


Message History

You block the porcupine's attack. x2; The spiny frog misses you.
You feel sick. You block the porcupine's attack. The porcupine misses you.
The spiny frog completely misses you. The porcupine bites you!
* * * LOW HITPOINT WARNING * * *
You block the porcupine's attack.
You feel sick. The porcupine closely misses you.
The spiny frog barely misses you. The porcupine closely misses you.
The porcupine bites you but does no damage.
You block the porcupine's attack.
The spiny frog stings you but does no damage.
The porcupine bites you.
* * * LOW HITPOINT WARNING * * *
The porcupine bites you but does no damage.
The porcupine misses you.
You feel sick. You block the spiny frog's attack.
You block the porcupine's attack. The porcupine bites you.
* * * LOW HITPOINT WARNING * * *
The porcupine bites you.
You die...
Your body crumbles into a pile of gold.

##..##....##
##......#..# #
#P....####..####
#.#....##..#.....#
#.....#r.##......
#......#..##.....
#..#P..##........
#..###.$F........
#.. #..r@.......
#.. #..rr.......
#. #...#.......
#...##...... ##.##
...... ... ......
$ .##. ..... .# ..
.....


You could see a spiny frog and 3 porcupines.

Vanquished Creatures
  Rupert (D:13)
  Agnes (D:14)
  Nessos (D:13)
  An ice dragon (D:14)
  20 two-headed ogres
  4 hydras
  2 centaur warriors (D:14)
  4 ogre magi (Orc:2)
  4 tengu warriors (D:14)
  Urug (D:13)
  A deep elf knight (D:14)
  5 unseen horrors
  A necromancer (D:15)
  4 orc knights
  3 manticores
  2 deep elf magi
  7 ugly things
  5 cyclopes
  An orc sorcerer (D:15)
  2 naga magi (D:15)
  Maurice (D:10)
  2 gargoyles (D:13)
  A spiny frog (Lair:1)
  A redback zombie (D:15)
  3 kobold demonologists
  A komodo dragon (D:11)
  2 tengu conjurers (D:15)
  A queen bee (D:14)
  8 trolls
  A hornet (D:8)
  Prince Ribbit (D:7)
  4 hippogriffs
  8 slime creatures (D:15)
  A centaur simulacrum (D:15)
  3 shadows
  A vampire (D:14)
  2 wraiths
  Sigmund (D:6)
  16 humans (D:13)
  A wyvern (D:8)
  15 yaks
  5 basilisks
  13 vampire mosquitoes
  4 hungry ghosts
  A harpy simulacrum (D:15)
  2 wargs (Orc:2)
  3 acid dragons
  2 water moccasins
  4 sky beasts
  A meliai simulacrum (D:14)
  4 porcupines
  9 ice beasts
  24 orc warriors
  2 black bears
  An eye of draining (D:14)
  10 wolves
  36 ogres
  A necrophage (D:9)
  2 phantoms (D:4)
  8 centaurs
  7 crocodiles
  5 big kobolds
  15 bullfrogs
  4 gnoll sergeants
  2 scorpions
  A wyvern skeleton (D:14)
  31 killer bees
  5 wights
  3 howler monkeys
  7 crimson imps
  2 bullfrog zombies
  3 centaur zombies
  A quasit (D:9)
  4 jellies
  6 centaur skeletons
  12 orc priests
  6 hounds
  3 bullfrog skeletons
  18 orc wizards
  4 iguanas
  12 worker ants
  2 hound zombies (D:5)
  A hound skeleton (D:7)
  4 worker ant zombies
  A howler monkey zombie (D:8)
  12 adders
  4 gnolls (D:9)
  A howler monkey skeleton (D:5)
  4 shadow imps
  12 white imps (D:13)
  An adder zombie (D:9)
  A worm (D:3)
  2 dart slugs (D:1)
  6 leopard geckos
  68 orcs
  2 ball pythons
  3 giant cockroaches
  9 goblins
  6 hobgoblins (D:1)
  6 jackals (D:3)
  20 kobolds
  7 quokkas
  7 bats
  2 frilled lizards (D:3)
  4 rats
612 creatures vanquished.

Vanquished Creatures (collateral kills)
  An orc warrior (D:13)
  An orc (D:13)
2 creatures vanquished.

Vanquished Creatures (others)
  A centaur skeleton (D:15)
  An orc wizard (D:15)
  A fungus (Lair:2)
3 creatures vanquished.

Grand Total: 617 creatures vanquished

Notes
Turn   | Place    | Note
-------+----------+-------------------------------------------
     0 | D:1      | Manul the Vine Stalker Gladiator began the quest for the
                  | Orb.
     0 | D:1      | Reached XP level 1. HP: 11/11 MP: 2/2
   116 | D:1      | Reached XP level 2. HP: 6/15 MP: 1/3
   444 | D:1      | Reached skill level 3 in Long Blades
   971 | D:1      | Reached XP level 3. HP: 18/18 MP: 4/4
  1239 | D:2      | Found a burning altar of Makhleb.
  1337 | D:2      | Found an opulent altar of Gozag.
  1339 | D:2      | Found a shattered altar of Ashenzari.
  1348 | D:2      | Became a worshipper of Gozag Ym Sagoz the Greedy
  1636 | D:2      | You fall through a shaft!
  1688 | D:3      | Reached skill level 1 in Stealth
  1837 | D:3      | Gained mutation: Your natural rate of healing is unusually
                  | fast. [Vine Stalker growth]
  1837 | D:3      | Reached XP level 4. HP: 21/23 MP: 5/5
  1879 | D:3      | Found a faded altar of an unknown god.
  2019 | D:3      | Found a hide-covered altar of Uskayaw.
  2149 | D:3      | Reached skill level 1 in Short Blades
  2156 | D:3      | Reached skill level 1 in Armour
  2221 | D:3      | Found a shimmering altar of Xom.
  2686 | D:4      | Reached XP level 5. HP: 27/27 MP: 6/6
  2933 | D:4      | Noticed a phantom
  2956 | D:4      | Killed a phantom
  2956 | D:4      | Reached XP level 6. HP: 32/32 MP: 7/7
  3263 | D:4      | Noticed a phantom
  3270 | D:4      | Killed a phantom
  3284 | D:5      | Entered Level 5 of the Dungeon
  3291 | D:5      | Reached skill level 4 in Long Blades
  3291 | D:5      | Reached XP level 7. HP: 35/35 MP: 8/8
  3301 | D:5      | Found a stormy altar of Qazlal.
  3675 | D:5      | Found an ornate altar of the Wu Jian Council.
  3680 | D:5      | You fall through a shaft!
  3687 | D:6      | Reached skill level 5 in Long Blades
  3690 | D:6      | Gained mutation: You have razor-sharp teeth. [Vine Stalker
                  | growth]
  3690 | D:6      | Reached XP level 8. HP: 36/40 MP: 9/9
  4065 | D:5      | Found a staircase to the Ecumenical Temple.
  4569 | D:6      | Reached skill level 6 in Long Blades
  4838 | D:6      | Reached XP level 9. HP: 37/45 MP: 8/10
  4838 | D:6      | Noticed Sigmund
  4846 | D:6      | Killed Sigmund
  4846 | D:6      | Reached skill level 7 in Long Blades
  5080 | D:7      | Noticed Prince Ribbit
  5091 | D:7      | Killed Prince Ribbit
  5091 | D:7      | Reached skill level 5 in Stealth
  5629 | D:7      | Got an iridescent falchion
  5630 | D:7      | Identified the +7 falchion of Xearaut {slice, MR++} (You
                  | found it on level 7 of the Dungeon)
  5884 | D:8      | Noticed a two-headed ogre
  5892 | D:8      | Killed a two-headed ogre
  5892 | D:8      | Reached skill level 8 in Long Blades
  5892 | D:8      | Reached skill level 5 in Armour
  5948 | D:8      | Noticed a hornet
  5952 | D:8      | Paralysed by a hornet for 2 turns
  5960 | D:8      | Killed a hornet
  5960 | D:8      | Reached XP level 10. HP: 33/51 MP: 8/11
  6004 | D:8      | Reached skill level 5 in Fighting
  6568 | D:8      | Noticed a two-headed ogre
  6589 | D:8      | Killed a two-headed ogre
  6589 | D:8      | Reached skill level 9 in Long Blades
  6788 | D:8      | Noticed a two-headed ogre
  6798 | D:8      | Killed a two-headed ogre
  7620 | D:9      | Reached skill level 10 in Long Blades
  7653 | D:9      | Reached XP level 11. HP: 37/56 MP: 12/12
  7798 | D:9      | Found a staircase to the Orcish Mines.
  8298 | D:9      | Found a stormy altar of Qazlal.
  8300 | D:9      | Found a burning altar of Makhleb.
  8331 | Orc:1    | Entered Level 1 of the Orcish Mines
  8360 | Orc:1    | Noticed an orc knight
  8406 | D:10     | Entered Level 10 of the Dungeon
  8594 | D:10     | Noticed Maurice
  8605 | D:10     | Killed Maurice
  9109 | D:11     | Found a staircase to the Lair.
  9398 | D:11     | Bought +0 steam dragon scales for 640 gold pieces
  9481 | D:11     | Reached skill level 5 in Dodging
  9491 | Lair:1   | Entered Level 1 of the Lair of Beasts
  9824 | Lair:1   | Reached skill level 11 in Long Blades
 10548 | Lair:2   | Noticed a seven-headed hydra
 10652 | D:11     | Killed an unseen horror
 10685 | D:11     | Gained mutation: You heal very quickly. [Vine Stalker
                  | growth]
 10685 | D:11     | Reached XP level 12. HP: 63/63 MP: 13/13
 10695 | D:11     | Noticed a fire dragon
 10731 | D:11     | Noticed a two-headed ogre
 10769 | D:11     | Killed a two-headed ogre
 10782 | D:11     | Noticed a two-headed ogre
 10788 | D:11     | Killed a two-headed ogre
 10942 | D:11     | Got a flickering turquoise ring
 10944 | D:11     | Identified the ring of Kopamero {Str+2 Int+2 Dex+4 Stlth+}
                  | (You found it on level 11 of the Dungeon)
 10950 | D:11     | HP: 1/63 [fire dragon/blast of flame (22)]
 11256 | D:11     | Gained mutation: Your body sometimes deteriorates upon
                  | taking damage. [potion of mutation]
 11256 | D:11     | Gained mutation: Your mind is acute. (Int +2) [potion of
                  | mutation]
 11257 | D:11     | Lost mutation: Your body sometimes deteriorates upon taking
                  | damage. [potion of mutation]
 11257 | D:11     | Lost mutation: Your mind is acute. (Int +2) [potion of
                  | mutation]
 11257 | D:11     | Gained mutation: Your spells are a little harder to cast,
                  | but a little more powerful. [potion of mutation]
 11257 | D:11     | Gained mutation: You are agile. (Dex +2) [potion of
                  | mutation]
 11257 | D:11     | Gained mutation: Your muscles are strong. (Str +2) [potion
                  | of mutation]
 11257 | D:11     | Gained mutation: Your mind is acute. (Int +2) [potion of
                  | mutation]
 11333 | D:11     | Got a faintly glowing rapier
 11336 | D:11     | Got a transparent emerald amulet
 11338 | D:11     | Identified the Tome of Gliding Beguiling
 11511 | D:11     | Noticed a five-headed hydra
 11532 | D:11     | Killed an eight-headed hydra
 12097 | D:12     | Reached skill level 12 in Long Blades
 12290 | D:12     | Identified the amulet of Lucidity {Gourm rF+ rC+ Str+3
                  | Dex-4} (You found it on level 11 of the Dungeon)
 12481 | D:11     | Bought the +1 buckler of Hiomurol {Regen+ Str+2 Dex+2} for
                  | 398 gold pieces
 12771 | D:13     | Noticed Rupert
 12785 | D:13     | Killed Rupert
 12785 | D:13     | Reached skill level 1 in Shields
 12971 | D:13     | Found a frozen archway.
 12986 | D:13     | Reached XP level 13. HP: 67/68 MP: 14/14
 13037 | IceCv    | Entered an ice cave
 13512 | D:13     | Noticed Nessos
 13513 | D:13     | Found a gate to the Vaults.
 13523 | D:13     | Identified a scroll of acquirement
 13530 | D:13     | Noticed Urug
 13549 | D:13     | Killed Urug
 13606 | D:13     | Reached skill level 13 in Long Blades
 13641 | D:13     | Killed Nessos
 14075 | D:14     | Found Asesei's Weapon Shoppe.
 14243 | D:14     | Reached skill level 5 in Shields
 14324 | D:14     | Noticed an ice dragon
 14349 | D:14     | HP: 2/70 [ice dragon/blast of cold (22)]
 14529 | D:14     | Killed an ice dragon
 14685 | D:14     | Reached XP level 14. HP: 39/75 MP: 15/15
 15625 | Orc:2    | Entered Level 2 of the Orcish Mines
 15983 | Orc:2    | Found a staircase to the Elven Halls.
 16085 | Orc:2    | Reached skill level 14 in Long Blades
 16197 | Orc:2    | Found Huuceoch's Magic Scroll Boutique.
 16197 | Orc:2    | Found Biozakuo's Jewellery Emporium.
 16197 | Orc:2    | Found Bituqi's Magic Scroll Emporium.
 16197 | Orc:2    | Found Xidazaox's Armour Shop.
 16243 | Orc:2    | Bought a scroll of identify for 28 gold pieces
 16243 | Orc:2    | Bought a scroll of identify for 28 gold pieces
 16595 | Orc:2    | Bought the +10 scale mail "Esucohum" {Dex+2} for 717 gold
                  | pieces
 16825 | Orc:1    | Upgraded the game from 0.22-a0-469-gf26638a71f to
                  | 0.22-a0-514-g96ba041d05
 16854 | Orc:1    | Found a roughly hewn altar of Beogh.
 16896 | Orc:1    | Found Fagusch's Antique Armour Shop.
 17229 | D:15     | Entered Level 15 of the Dungeon
 17253 | D:15     | Reached skill level 10 in Fighting
 17294 | D:15     | Upgraded the game from 0.22-a0-514-g96ba041d05 to
                  | 0.22-a0-619-ga0c6fd2ff5
 17297 | D:15     | Upgraded the game from 0.22-a0-619-ga0c6fd2ff5 to
                  | 0.23-a0-103-ge8f86619e0
 17429 | D:15     | Got an ebony fustibalus
 17430 | D:15     | Identified the cursed +1 fustibalus "Hujiucs" {venom, MP+9
                  | Int+6} (You found it on level 15 of the Dungeon)
 17592 | D:15     | Reached XP level 15. HP: 80/80 MP: 16/16
 17711 | D:15     | Got a vibrating pewter amulet
 17712 | D:15     | Identified the amulet of Akanodihesh {Gourm rN+} (You found
                  | it on level 15 of the Dungeon)
 17778 | D:15     | Found a staircase to the Depths.
 17861 | D:15     | Noticed Agnes
 17882 | D:14     | Killed Agnes
 18769 | D:11     | Got an ancient brass ring
 19079 | Lair:2   | Upgraded the game from 0.23-a0-103-ge8f86619e0 to
                  | 0.23-a0-175-g97aacdb306
 19419 | Lair:2   | HP: 2/81 [porcupine (5)]
 19419 | Lair:2   | Slain by a porcupine

Vault maps used:
D:1:      lemuel_arrival_cross, serial_forest, infiniplex_forest_clump_medium,
          infiniplex_forest_clump_cross, infiniplex_forest_lined_3_way,
          infiniplex_forest_diagonal, infiniplex_forest_clump_diagonal,
          infiniplex_forest_straight_4
D:2:      bloody_trog, chequers_temple_overflow_statue_of_worship,
          bloody_makhleb
D:3:      eat_drink_and_be_merry_uskayaw, brannock_xom_greatest_gift,
          chequers_ecumenical_altar_simple_redux, roderic_malta_cross
D:5:      lemuel_doored_altar, minmay_temple_entry_overgrown, first_ration,
          grunt_qazlal_sundering
D:6:      uniq_sigmund
D:7:      uniq_prince_ribbit1
D:9:      nicolae_overflow_hidden_temple, kennysheep_orc_monster_closet_entryway
D:10:     uniq_maurice
D:11:     minmay_the_grid_octo_tiled_squarecenter_mashed
D:13:     david_vaults_3, portal_ice_cave_entry_imps, uniq_rupert
D:14:     minmay_blocky_corners, serial_shops, nicolae_shop_crystal,
          david_nohive_1
D:15:     grunt_enter_depths_magical_seal, uniq_agnes
Lair:1:   st_stairs_12, serial_bayou_lake_a, grunt_megastairs_1
Lair:2:   beast_lair_carwin_4
Orc:1:    basic_altar, serial_shops, nicolae_shop_waterfront, sword_in_stone
Orc:2:    st_orc_ogre_mass, nicolae_orc_pool_cavern
IceCv:    ice_cave_statue_garden_chambered

Skill      XL: |  1  2  3  4  5  6  7  8  9 10 11 12 13 14 15 |
---------------+----------------------------------------------+-----
Long Blades    | 3 4 5 6 8 10 11 12 13 14 | 14.7
Fighting       | 2 3 4 5 7 8 9 10 | 10.6
Stealth        | 1 2 3 4 6 7 8 9 |  9.9
Short Blades   | 1 |  1.7
Armour         | 1 2 3 4 5 6 7 |  7.8
Dodging        | 3 4 5 6 7 8 9 |  9.6
Shields        | 2 6 8 |  8.3
Throwing       | |  1.8
Unarmed Combat | |  0.3
Evocations     | |  0.2

Action                   |  1- 3 |  4- 6 |  7- 9 | 10-12 | 13-15 || total
-------------------------+-------+-------+-------+-------+-------++-------
Melee: Long sword        |    31 |    30 |   186 |       |       ||   247
       Bite              |    21 |    27 |    88 |   262 |   606 ||  1004
       Dagger            |    70 |    62 |       |       |       ||   132
       Falchion          |       |       |    18 |   567 |   904 ||  1489
       Unarmed           |       |       |       |       |    27 ||    27
Throw: Throwing net      |       |       |     2 |     3 |       ||     5
Invok: Potion Petition   |       |       |     1 |       |       ||     1
       Call Merchant     |       |       |       |     1 |       ||     1
Evoke: Box of beasts     |       |       |       |     1 |     1 ||     2
       Sack of spiders   |       |       |       |     1 |       ||     1
       Wand              |       |       |       |       |     2 ||     2
  Use: Scroll            |       |     7 |     3 |    14 |     8 ||    32
       Potion            |       |       |       |     3 |     3 ||     6
 Stab: Sleeping          |     1 |       |     5 |    22 |    23 ||    51
       Held in net/web   |       |       |     2 |     2 |       ||     4
       Invisible         |       |       |     6 |       |       ||     6
       Distracted        |       |       |     1 |    14 |    24 ||    39
  Eat: Chunk             |     2 |       |       |       |       ||     2
       Ration            |       |     2 |     2 |     9 |     6 ||    19
Armor: Leather armour    |    16 |       |       |       |       ||    16
       Ring mail         |    14 |    23 |    53 |    76 |       ||   166
       Steam dragon scal |       |       |       |    74 |    80 ||   154
       Scale mail        |       |       |       |       |   200 ||   200
Dodge: Dodged            |    66 |    43 |   104 |   347 |   966 ||  1526
Block: Other             |       |     6 |    19 |    57 |       ||    82
       Reflection        |       |       |       |     3 |     6 ||     9
       Buckler           |       |       |       |     6 |   852 ||   858
       Rpst.: Long sword |    10 |     6 |    27 |       |       ||    43
       Falchion          |       |       |     1 |    92 |    78 ||   171

Table legend:
 A = Non-vault XP
 B = Vault XP
 C = Vault XP percentage of total XP
 D = Non-vault monster count
 E = Vault monster count
 F = Vault count percentage of total count
                 A         B        C        D         E       F
            +---------+---------+-------+---------+---------+-------
      Total |   97661 |    7499 |   7.1 |     600 |      15 |   2.4
            +---------+---------+-------+---------+---------+-------
        D:1 |      39 |       0 |   0.0 |      21 |       0 |   0.0
        D:2 |      17 |       0 |   0.0 |      10 |       0 |   0.0
        D:3 |      90 |       0 |   0.0 |      28 |       0 |   0.0
        D:4 |     449 |       0 |   0.0 |      10 |       0 |   0.0
        D:5 |     728 |       0 |   0.0 |      20 |       0 |   0.0
        D:6 |    1351 |       0 |   0.0 |      27 |       0 |   0.0
        D:7 |     877 |       0 |   0.0 |      13 |       0 |   0.0
        D:8 |    3901 |       0 |   0.0 |      18 |       0 |   0.0
        D:9 |    2834 |       0 |   0.0 |      37 |       0 |   0.0
       D:10 |    1403 |       0 |   0.0 |      21 |       0 |   0.0
       D:11 |    8917 |     701 |   7.3 |      61 |       2 |   3.2
       D:12 |    4038 |       0 |   0.0 |      26 |       0 |   0.0
       D:13 |   15154 |       0 |   0.0 |      64 |       0 |   0.0
       D:14 |   15214 |    2049 |  11.9 |      61 |       1 |   1.6
       D:15 |   12223 |    4467 |  26.8 |      44 |      10 |  18.5
     Lair:1 |    3074 |       0 |   0.0 |      20 |       0 |   0.0
     Lair:2 |    2800 |     282 |   9.1 |       9 |       2 |  18.2
      Orc:1 |    3476 |       0 |   0.0 |      34 |       0 |   0.0
      Orc:2 |   19776 |       0 |   0.0 |      69 |       0 |   0.0
      IceCv |    1300 |       0 |   0.0 |       7 |       0 |   0.0
            +---------+---------+-------+---------+---------+-------
